 Dungeon Crawl Stone Soup version bcrawl-1.21.3 (webtiles) character file.

Game seed: 13175890068449070356

1868 Flugslaktarn the Chopper (level 8, -6/53 HPs)
             Began as a Skeleton Archaeologist on Mar 28, 2020.
             Was an Initiate of Gozag.
             Mangled by Joseph
             ... wielding a +0 quarterstaff
              (12 damage)
             ... on level 7 of the Dungeon.
             The game lasted 00:04:00 (6099 turns).

Flugslaktarn the Chopper (Skeleton Archaeologist)   Turns: 6099, Time: 00:04:01

Health: -6/53      AC: 17    Str: 20      XL:     8   Next: 90%
Magic:  0/8        EV:  9    Int: 12 (13) God:    Gozag
Gold:   461        SH:  0    Dex:  6 (7)  Spells: 7/7 levels left

rFire    . . .     SeeInvis .   a - +6 quick blade
rCold    + . .     Gourm    .   (no shield)
rNeg     + + +     Faith    .   j - +0 chain mail
rPois    ∞         Spirit   +   c - +1 hat
rElec    .         Reflect  .   l - +2 cloak
rCorr    .         Harm     .   m - +0 pair of gloves
MR       +....                  d - +1 pair of boots
Stlth    ..........             k - amulet of the acrobat
HPRegen  0.17/turn              (no ring)
MPRegen  0.11/turn              (no ring)

@: no status effects
A: no food or potions, cold resistance 1, deterioration 1, negative energy
resistance 3, powered by death 1, torment resistance, unbreathing, magic shield,
sturdy frame 1, spell healing
a: Potion Petition, Call Merchant, Bribe Branch, Renounce Religion


You were on level 7 of the Dungeon.
You worshipped Gozag.
Gozag was aware of your devotion.
You were not hungry.

You visited 1 branch of the dungeon, and saw 7 of its levels.
You also visited: Sewer.

You collected 639 gold pieces.
You paid 178 gold pieces to Gozag.

Inventory:

Hand Weapons
 a - a +6 quick blade (weapon)
   (You acquired it in a sewer)
 o - a +0 war axe
   (You took it off an orc on level 3 of the Dungeon)
Armour
 b - a +1 robe
 c - a +1 hat (worn)
 d - a +1 pair of boots (worn)
 j - a +0 chain mail (worn)
   (You found it on level 1 of the Dungeon)
 l - a +2 cloak (worn)
   (You found it on level 2 of the Dungeon)
 m - a +0 pair of gloves (worn)
   (You found it on level 2 of the Dungeon)
Jewellery
 f - a +3 ring of protection {unknown}
   (You found it on level 3 of the Dungeon)
 k - an amulet of the acrobat (around neck)
   (You found it on level 1 of the Dungeon)
 p - an uncursed ring of wizardry {unknown}
   (You found it on level 3 of the Dungeon)
Scrolls
 e - 5 scrolls of magic mapping
 g - 4 scrolls of identify {unknown}
 h - 4 scrolls of teleportation {unknown}
 i - 3 scrolls of enchant weapon {unknown}
 n - 2 scrolls of fog {unknown}
 q - a scroll of enchant armour {unknown}
 r - a scroll of fear {unknown}
 s - a scroll of silence {unknown}


   Skills:
 * Level 7.1 Fighting
 + Level 3.9 Short Blades
 * Level 7.4(7.7) Axes
   Level 3.2(5.7) Maces & Flails
 + Level 5.0 Armour
 - Level 3.0 Dodging
 - Level 3.6 Stealth


You had 7 spell levels left.
You didn't know any spells.
Your spell library was empty.

Dungeon Overview and Level Annotations

Branches:
Dungeon (7/12)
 Temple: D:4-7         Lair: D:7-9

Altars:
Ashenzari
Dithmenos
Gozag
Hepliaklqana
Makhleb
Nemelex Xobeh
Sif Muna
Trog
Vehumet
Wu Jian
Zin
The Shining One

Shops:
D:6 }

Annotations:
D:2 Sigmund
D:6 2 transporters, Lazarus1551's ghost, novice OnFE
D:7 Joseph


Innate Abilities, Weirdness & Mutations

You do not eat or drink.
You are immune to poison.
Your flesh is cold resistant. (rC+)
Your body sometimes deteriorates upon taking damage.
You are immune to negative energy. (rN+++)
You regenerate a little health from kills.
You are immune to unholy pain and torment.
You can survive without breathing.
When hurt, damage is shared between your health and your magic reserves.
Your movements are slightly less encumbered by armour. (ER -2)
Casting spells heals you.


Message History

Joseph hits you with a +0 quarterstaff!
You hit Joseph.
Joseph is almost dead.
Your chain mail prevents you from hitting Joseph.
Joseph is almost dead.
Joseph hits you with a +0 quarterstaff!
* * * LOW HITPOINT WARNING * * *
Your body deteriorates!
You feel dopey.
You are too injured to fight recklessly!
You are too injured to fight recklessly!
You are too injured to fight recklessly!
You hit Joseph.
Joseph is almost dead.
You hit Joseph but do no damage.
Joseph is almost dead.
You hit Joseph but do no damage.
Joseph is almost dead.
Joseph hits you with a +0 quarterstaff!
You die...
Your body crumbles into a pile of gold.

### ..# #.#
..########
..........
...######<
.....#############
.................#
.....###########@#
...### #...@.#
...# #.....# ..##
#....... .##
#.....### .#
#.....# .# ###...#
## #.#.#


You could see Joseph.

Vanquished Creatures
  A crocodile (D:6)
  A sky beast (D:6)
  A black bear (D:6)
  2 phantoms
  3 ogres
  A bullfrog (D:5)
  A big kobold (Sewer)
  A scorpion (D:6)
  2 howler monkeys
  A crimson imp (D:6)
  A centaur zombie (D:7)
  A bullfrog zombie (D:6)
  4 hounds
  2 orc wizards
  4 orc priests
  A bullfrog skeleton (D:4)
  Jessica (D:2)
  2 iguanas
  3 worker ants
  A hound skeleton (D:5)
  A howler monkey zombie (D:5)
  A howler monkey skeleton (D:5)
  4 gnolls (D:4)
  5 adders
  A shadow imp (D:4)
  2 oozes
  An adder skeleton (D:5)
  2 worms (D:3)
  3 dart slugs
  12 leopard geckos
  25 orcs
  7 bats
  9 giant cockroaches
  8 goblins
  7 hobgoblins
  10 jackals
  2 quokkas (D:3)
  2 frilled lizards
  24 kobolds
  A quokka skeleton (D:4)
  11 rats
172 creatures vanquished.

Vanquished Creatures (others)
  A wizard (D:3)
  A plant (D:1)
2 creatures vanquished.

Grand Total: 174 creatures vanquished

Notes
Turn   | Place    | Note
-------+----------+-------------------------------------------
     0 | D:1      | Flugslaktarn the Skeleton Archaeologist began the quest for
                  | the Orb.
     0 | D:1      | Reached XP level 1. HP: 12/12 MP: 1/1
   331 | D:1      | Reached XP level 2. HP: 16/16 MP: 2/2
  1212 | D:1      | Reached XP level 3. HP: 21/21 MP: 3/3
  1413 | D:2      | Found a faded altar of an unknown god.
  1485 | D:2      | Reached skill level 1 in Armour
  1991 | D:2      | Reached XP level 4. HP: 27/27 MP: 4/4
  2159 | D:2      | Found a burning altar of Makhleb.
  2160 | D:2      | Found a glowing silver altar of Zin.
  2160 | D:2      | Noticed an angel
  2161 | D:2      | Noticed a blizzard demon
  2272 | D:2      | Noticed Sigmund
  2344 | D:2      | Noticed Jessica
  2355 | D:2      | Killed Jessica
  2533 | D:3      | Found a glowing drain.
  2563 | Sewer    | Entered a sewer
  2702 | Sewer    | Noticed a big kobold
  2720 | Sewer    | Reached XP level 5. HP: 30/32 MP: 3/5
  2720 | Sewer    | Identified a scroll of acquirement
  2726 | Sewer    | Reached skill level 1 in Axes
  2727 | Sewer    | Identified the ring of Motapn {rC+ rN++ Stlth+} (You
                  | acquired it in a sewer)
  2781 | Sewer    | Found a white marble altar of Elyvilon.
  2961 | D:3      | Noticed a phantom
  2994 | D:3      | Killed a phantom
  2994 | D:3      | Gained mutation: You regenerate a little health from kills.
                  | [Skeleton growth]
  2994 | D:3      | Reached XP level 6. HP: 28/38 MP: 4/6
  3366 | D:3      | Found a bloodstained altar of Trog.
  3367 | D:3      | Noticed a wizard
  3372 | D:3      | Killed a wizard
  3473 | D:3      | Found a glowing golden altar of the Shining One.
  3475 | D:3      | Found a radiant altar of Vehumet.
  3475 | D:3      | Found a shimmering blue altar of Sif Muna.
  3475 | D:3      | Found a bloodstained altar of Trog.
  3477 | D:3      | Found a shattered altar of Ashenzari.
  3477 | D:3      | Found an ornate altar of the Wu Jian Council.
  3477 | D:3      | Found a hazy altar of Hepliaklqana.
  3668 | D:4      | Reached XP level 7. HP: 27/44 MP: 4/7
  3671 | D:4      | Reached skill level 5 in Fighting
  4017 | D:4      | Found a sparkling altar of Nemelex Xobeh.
  4116 | D:5      | Entered Level 5 of the Dungeon
  4129 | D:5      | Reached skill level 1 in Short Blades
  4190 | D:5      | Found a shadowy altar of Dithmenos.
  4259 | D:5      | Reached skill level 5 in Axes
  4768 | D:5      | Reached XP level 8. HP: 51/51 MP: 8/8
  4976 | D:6      | Found Ebanoim's Gadget Boutique.
  5272 | D:6      | Found an opulent altar of Gozag.
  5313 | D:6      | Became a worshipper of Gozag Ym Sagoz the Greedy
  5395 | D:6      | Found a transporter.
  5400 | D:6      | Noticed a troll
  5401 | D:6      | Noticed Lazarus1551's ghost (novice OnFE)
  5411 | D:6      | Found a transporter.
  5915 | D:7      | Reached skill level 5 in Armour
  6073 | D:7      | Noticed Joseph
  6099 | D:7      | Mangled by Joseph

Skill      XL: |  1  2  3  4  5  6  7  8 |
---------------+-------------------------+-----
Maces & Flails | 2 3 |  3.2
Fighting       | 2 3 4 5 7 |  7.1
Armour         | 1 2 3 4 5 |  5.0
Axes           | 2 4 5 7 |  7.4
Short Blades   | 2 3 |  3.9
Dodging        | |  3.0
Stealth        | |  3.6

Action                   |  1- 3 |  4- 6 |  7- 9 || total
-------------------------+-------+-------+-------++-------
Melee: Whip              |   233 |    91 |       ||   324
       War axe           |       |    59 |       ||    59
       Quick blade       |       |   165 |   295 ||   460
  Use: Scroll            |       |     1 |       ||     1
 Stab: Sleeping          |     3 |       |       ||     3
Armor: Robe              |    13 |       |       ||    13
       Chain mail        |   151 |   198 |    84 ||   433
Dodge: Dodged            |   165 |   179 |    92 ||   436
